 Dungeon Crawl Stone Soup version 0.31-a0-221-gbddc013574 (webtiles) character file.

Game seed: 16697903649180900921

23 qw the Shield-Bearer (level 2, 0/19 HPs)
             Began as a Gargoyle Fighter on July 4, 2023.
             Killed from afar by a dart slug (4 damage)
             ... with a slug dart
             ... on level 2 of the Dungeon.
             The game lasted 00:00:29 (895 turns).

qw the Shield-Bearer (Gargoyle Fighter)              Turns: 895, Time: 00:00:29

Health: 0/19       AC: 12    Str: 19    XL:     2   Next: 95%
Magic:  2/2        EV:  9    Int:  8    God:
Gold:   138        SH:  4    Dex:  9    Spells: 1/1 levels left

rFire   . . .        Y - +0 war axe
rCold   . . .        c - +0 buckler
rNeg    + . .        b - +0 scale mail
rPois   inf          (no helmet)
rElec   +            (no cloak)
rCorr   .            f - +2 pair of gloves
SInv    .            (no boots)
Will    .....        (no amulet) Stlth
                     (no ring)
HPRegen 0.23/turn    (no ring)
MPRegen 0.08/turn

%: no passive effects
@: no status effects
A: sickness immunity, AC +2, negative energy resistance 1, electricity
resistance, torment resistance 1, petrification resistance
a: no special abilities


You were on level 2 of the Dungeon.
You visited 1 branch of the dungeon, and saw 2 of its levels.

You collected 138 gold pieces.


Innate Abilities, Weirdness & Mutations

You are immune to sickness and miasma.
Your stone body is resilient. (AC +2)
You are immune to poison.
You resist negative energy. (rN+)
You are resistant to electric shocks. (rElec)
You are resistant to unholy torment.
You are immune to petrification.


   Skills:
 - Level 3.2 Fighting
 + Level 3.0 Axes
 - Level 3.2 Armour
 - Level 3.2 Shields


You had one spell level left.
You didn't know any spells.
Your spell library was empty.

Inventory:

Hand Weapons
 g - a +1 vampiric whip
 m - a +0 mace
 Y - a +0 war axe (weapon)
Armour
 b - a +0 scale mail (worn)
 c - a +0 buckler (worn)
 f - a +2 pair of gloves (worn)
Scrolls
 a - a scroll of amnesia {unknown}
 h - a scroll of noise {unknown}
Potions
 d - a potion of might
 e - a potion of mutation {unknown}
 j - a potion of haste {unknown}

Dungeon Overview and Level Annotations

Branches:
Dungeon (2/15)

Altars:


Message History

887 ||| Stepping ~*~*~tactically~*~*~ (hiding).
You start waiting.
Natasha is nearby!
An endoplasm comes into view.
The endoplasm moves out of view.
Enter note:
Enter note: You hit Natasha.
Natasha is moderately wounded.
Natasha closely misses you. Natasha claws you but does no damage.
You barely miss Natasha.
Natasha is moderately wounded.
Natasha howls an incantation.
Natasha glows brightly for a moment.
Natasha mumbles some strange words.
You hit Natasha.
Natasha is severely wounded.
You hit the cerulean imp. Natasha closely misses you.
The cerulean imp hits you but does no damage.
You miss Natasha.
Natasha is severely wounded.
You miss the cerulean imp.
Natasha hisses.
Natasha stares at you and mumbles some strange words.
The magic dart hits you.
The cerulean imp hits you with a +0 spear.
Natasha barely misses you.
You closely miss Natasha.
Natasha is severely wounded.
You closely miss the cerulean imp. You block the cerulean imp's attack.
Natasha claws you!
The cerulean imp hits you with a +0 spear.
You slash Natasha!
You kill Natasha!
Natasha yowls pathetically as she dies!
The cerulean imp disappears in a puff of smoke!
The dart slug launches a dart at you. The slug dart hits you.
You die...

###.# ###.%.# #.##(# ..
...)########..... .. .
...)..........#.###. ..
.[.....##.......... ...
#...............[. ..#.
.................##.....
...............ยค.%wJ...#
................@#
.................#
................<#
................##
................#
.(.....##.....#.#
#.......#.........
#######.........#.#
..#.#####.#.#


You could see a dart slug and an endoplasm.

Vanquished Creatures
  Natasha (D:2)
  2 endoplasms (D:1)
  2 giant cockroaches (D:1)
  4 goblins
  3 hobgoblins (D:1)
  A quokka (D:1)
  3 frilled lizards
  3 kobolds
  4 rats (D:1)
23 creatures vanquished.

Notes
Turn   | Place    | Note
-------+----------+-------------------------------------------
     0 | D:1      | qw the Gargoyle Fighter began the quest for the Orb.
     0 | D:1      | Reached XP level 1. HP: 14/14 MP: 1/1
     0 | D:1      | 0 ||| qw: Version: 0.3-a-40-ge99b1a8
     0 | D:1      | 0 ||| qw: Game counter: 661
     0 | D:1      | 0 ||| qw: Melee chars always use a shield: true
     0 | D:1      | 0 ||| qw: God list: Okawaru
     0 | D:1      | 0 ||| qw: Allow faded altars: false
     0 | D:1      | 0 ||| qw: Do Orc after clearing Dungeon:15 true
     0 | D:1      | 0 ||| qw: Do second Lair branch before Depths: true
     0 | D:1      | 0 ||| qw: Lair rune preference: random
     0 | D:1      | 0 ||| qw: Goals: Normal, Zot:1-4, Slime:5, God:TSO, Crypt,
                  | Tomb, Abyss, Pan, Hells, Win
     0 | D:1      | 0 ||| PLANNING D:1-11
   110 | D:1      | 110 ||| Stepping ~*~*~tactically~*~*~ (stealth).
   111 | D:1      | 111 ||| Stepping ~*~*~tactically~*~*~ (stealth).
   111 | D:1      | Found a faded altar of an unknown god.
   151 | D:1      | Reached XP level 2. HP: 19/19 MP: 2/2
   594 | D:1      | 594 ||| DROPPING +0 club.
   693 | D:1      | 693 ||| UPGRADING to +2 pair of gloves.
   698 | D:1      | 698 ||| READING scroll labelled BULOCA LE MEM.
   699 | D:1      | 699 ||| READING scroll labelled JABLYESHILA.
   700 | D:1      | 700 ||| READING scroll labelled USIUFARGH PINYO.
   744 | D:2      | Reached skill level 3 in Axes
   753 | D:2      | 753 ||| Stepping ~*~*~tactically~*~*~ (hiding).
   754 | D:2      | 754 ||| Stepping ~*~*~tactically~*~*~ (hiding).
   886 | D:2      | Noticed Natasha
   887 | D:2      | 887 ||| Stepping ~*~*~tactically~*~*~ (hiding).
   894 | D:2      | HP: 4/19 [cerulean imp/+0 spear[Natasha] (2)]
   895 | D:2      | Killed Natasha
   895 | D:2      | Killed from afar by a dart slug

Levels and vault maps discovered:
D:1:      ncdulo_lavacross, layout_loops_ring,
          hellmonk_ecumenical_altar_lost_god
D:2:      layout_rooms, serial_shops, shop, uniq_terence, uniq_natasha

Skill      XL: |  1  2 |
---------------+-------+-----
Axes           | 2 3 |  3.0
Fighting       | |  3.2
Armour         | |  3.2
Shields        | |  3.2

Action                     || total
---------------------------++-------
  Melee: War axe           ||    67
    Use: Scroll            ||     3
 Armour: Scale mail        ||    27
  Dodge: Dodged            ||    26
  Block: Buckler           ||    11

Table legend:
 A = Non-vault XP
 B = Vault XP
 C = Vault XP percentage of total XP
 D = Non-vault monster count
 E = Vault monster count
 F = Vault count percentage of total count
                 A         B        C        D         E       F
            +---------+---------+-------+---------+---------+-------
      Total |      33 |      36 |  52.2 |      22 |       1 |   4.3
            +---------+---------+-------+---------+---------+-------
        D:1 |      28 |       0 |   0.0 |      18 |       0 |   0.0
        D:2 |       5 |      36 |  87.8 |       4 |       1 |  20.0
            +---------+---------+-------+---------+---------+-------
